 Dungeon Sprint DCSS version 0.20.1-1-g8b1a95d (console) character file.

8100000 hilaritas the Axe Maniac (level 27, 0/249 HPs)
             Began as a Formicid Fighter on Aug 23, 2017.
             Was the Champion of Makhleb.
             Slain by a meat berserker
             ... wielding a +9 battleaxe
              (51 damage)
             ... in the Dungeon (Sprint VIII: "Arena of Blood").
             The game lasted 00:03:39 (81 turns).

hilaritas the Axe Maniac (Formicid Fighter)           Turns: 81, Time: 00:03:40

Health: 0/249      AC: 13    Str: 31    XL:     27
Magic:  34/54      EV: 24    Int: 11    God:    Makhleb [******]
Gold:   0          SH: 19    Dex: 10    Spells: 80/80 levels left

rFire    + . .     SeeInvis +   l - +∞ Axe of Woe
rCold    . . .     Gourm    .   c - +0 shield
rNeg     . . .     Faith    .   b - +0 scale mail
rPois    .         Spirit   .   (helmet unavailable)
rElec    .         Reflect  .   (no cloak)
rCorr    .         Harm     .   (no gloves)
MR       ++...                  (no boots)
Stlth    ++++++++..             (no amulet)
Regen    0.6/turn               m - ring of protection from fire
MPRegen  0.4/turn               (no ring)

@: marked
A: permanent stasis, dig shafts and tunnels, four strong arms, antennae 3
a: Dig, Minor Destruction, Lesser Servant of Makhleb, Major Destruction, Greater
Servant of Makhleb, Renounce Religion


You were in the Dungeon.
You worshipped Makhleb.
Makhleb was exalted by your worship.
You were not hungry.

You visited 1 branch

Inventory:

Hand Weapons
 a - a +0 war axe
 l - the +∞ Axe of Woe (weapon)
   (You found it in the Dungeon)
Armour
 b - a +0 scale mail (worn)
 c - a +0 shield (worn)
Jewellery
 m - a ring of protection from fire (left hand)
Scrolls
 k - a scroll of blinking
Potions
 d - a potion of might
 e - a potion of curing
 g - a potion of heal wounds
 h - a potion of haste
 i - 2 potions of magic
 j - a potion of berserk rage
Comestibles
 f - a bread ration


   Skills:
 O Level 27 Fighting
 O Level 27 Axes
 O Level 27 Throwing
 O Level 27 Armour
 O Level 27 Dodging
 O Level 27 Stealth
 O Level 27 Shields
 O Level 27 Unarmed Combat
 O Level 27 Spellcasting
 O Level 27 Invocations


You had 80 spell levels left.
You didn't know any spells.

Dungeon Overview and Level Annotations

Branches:
Dungeon (1/1)

Altars:
Makhleb


Innate Abilities, Weirdness & Mutations

You cannot be hasted, slowed, berserked, paralysed or teleported.
You can dig through walls and to a lower floor.
Your four strong arms can wield two-handed weapons with a shield.
You have a pair of large antennae on your head. (SInv)


Message History

The tyrant gestures wildly while chanting.
The tyrant seems to speed up.
The dread calls on the powers of darkness!
The bag of meat convulses!
The meat berserker convulses!
The large bag of meat convulses!
The meat berserker convulses!
Your body is wracked with pain!
The bag of meat convulses!
An orc, 2 ogres and 3 wraiths come into view. 3 orcs, 2 ogres, a crawling corpse and a skeletal warrior come into view.
You are engulfed in blazing flames.
You resist.
The meat beast moans, "Embrace submission, thou tasty snackling!"
The tyrant closely misses you.
The meat berserker moves out of view.
You hear a shout! x2
The tyrant waves its bony arms in wide circles.
The air twists around and strikes you!
* * * LOW HITPOINT WARNING * * *
Some corpses begin to drag themselves along the ground!
Some corpses meld into agglomerations of writhing flesh!
The meat berserker is engulfed in blazing flames.
The meat berserker hits you with a +9 battleaxe!!!
You die...

.#......#
.Oo.o...........# ....o
.oO....o.#{{....# ...#
......oo..{.....# . ....#
...oO....M##{..%.# .
....###......Ooo..WW%%.#
.###.........Wx.O###§§).%#
.{_............LOW§)L§)§)#
..{..#.....%.#.#@X§)§))))#
_.<._#.......x..§§2o)))))#
....)#.)...)#x#x#X§xX..%)#
.._.)..)V..)x)OMWM2))%%%.#
.###).)...)))#)#)#)W#)%%.#
......###..O..oOM..#.....#
......#.....z.O.o...#.%..#
......#......o..W..#.%...#
.........§...W...........#


You could see 3 accurseds, a meat beast, 2 tyrants, a reaper, a sculptor of
flesh, 2 large bags of meat, 3 large abominations, 2 wretched souls, 2 dreads, 6
meat berserkers, a small abomination, 12 bags of meat and 5 crawling corpses.

Vanquished Creatures
  Sigmund (D)
  3 hell beasts (D)
  A greater mummy (D)
  A wraith (D)
  6 vampire knights (D)
  28 ogres (D)
  8 two-headed ogres (D)
  5 liches (D)
  71 orcs (D)
  4 skeletal warriors (D)
  4 small abominations (D)
  4 large abominations (D)
  4 crawling corpses (D)
140 creatures vanquished.

Vanquished Creatures (others)
  A crawling corpse (D)
1 creature vanquished.

Grand Total: 141 creatures vanquished

Notes
Turn   | Place    | Note
-------+----------+-------------------------------------------
     0 | D        | hilaritas the Formicid Fighter began the quest for the Orb.
     0 | D        | Reached XP level 1. HP: 18/18 MP: 1/1
     3 | D        | Noticed a bag of meat
     3 | D        | Noticed a bag of meat
     4 | D        | Noticed a bag of meat
     4 | D        | Became a worshipper of Makhleb the Destroyer
     5 | D        | Noticed a bag of meat
     5 | D        | Noticed a meat berserker
     5 | D        | Noticed a bag of meat
     6 | D        | Noticed a bag of meat
     6 | D        | Killed a meat berserker
     6 | D        | Reached skill level 27 in Axes
     6 | D        | Reached XP level 2. HP: 45/45 MP: 2/2
     6 | D        | Reached XP level 3. HP: 51/51 MP: 3/3
     6 | D        | Reached XP level 4. HP: 58/58 MP: 4/4
     6 | D        | Reached XP level 5. HP: 64/64 MP: 5/5
     6 | D        | Reached XP level 6. HP: 71/71 MP: 6/6
     6 | D        | Reached XP level 7. HP: 78/78 MP: 7/7
     6 | D        | Reached XP level 8. HP: 85/85 MP: 8/8
     6 | D        | Reached XP level 9. HP: 91/91 MP: 9/9
     6 | D        | Reached XP level 10. HP: 98/98 MP: 10/10
     6 | D        | Reached XP level 11. HP: 104/104 MP: 11/11
     6 | D        | Reached XP level 12. HP: 111/111 MP: 12/12
     6 | D        | Reached XP level 13. HP: 117/117 MP: 13/13
     7 | D        | Noticed a meat berserker
     7 | D        | Noticed a bag of meat
     7 | D        | Killed a bag of meat
     7 | D        | Reached * piety under Makhleb
     7 | D        | Reached XP level 14. HP: 139/139 MP: 14/14
     7 | D        | Killed a bag of meat
     7 | D        | Reached XP level 15. HP: 155/155 MP: 15/15
     8 | D        | Reached skill level 27 in Fighting
    10 | D        | Reached ** piety under Makhleb
    10 | D        | Reached XP level 16. HP: 167/167 MP: 16/16
    12 | D        | Killed a meat berserker
    12 | D        | Reached skill level 27 in Armour
    12 | D        | Reached XP level 17. HP: 161/174 MP: 17/17
    12 | D        | Reached *** piety under Makhleb
    14 | D        | Reached XP level 18. HP: 182/182 MP: 18/18
    14 | D        | Reached skill level 27 in Shields
    16 | D        | Noticed a destroyer
    19 | D        | Noticed a meat berserker
    19 | D        | Noticed a meat berserker
    19 | D        | Reached **** piety under Makhleb
    19 | D        | Reached skill level 15 in Dodging
    21 | D        | Noticed a meat berserker
    21 | D        | Noticed a meat berserker
    21 | D        | Noticed a meat berserker
    21 | D        | Killed a destroyer
    21 | D        | Reached XP level 19. HP: 189/189 MP: 19/19
    22 | D        | Reached ***** piety under Makhleb
    22 | D        | Reached skill level 27 in Dodging
    22 | D        | Reached XP level 20. HP: 197/197 MP: 19/34
    23 | D        | Reached skill level 27 in Invocations
    23 | D        | Reached skill level 5 in Stealth
    24 | D        | Noticed a destroyer
    24 | D        | Noticed a large bag of meat
    25 | D        | Noticed a meat berserker
    25 | D        | Reached XP level 21. HP: 204/204 MP: 19/38
    25 | D        | Killed a meat berserker
    25 | D        | Reached ****** piety under Makhleb
    27 | D        | Noticed a meat berserker
    27 | D        | Killed a meat berserker
    27 | D        | Reached XP level 22. HP: 212/212 MP: 20/44
    27 | D        | Killed a meat berserker
    27 | D        | Killed a meat berserker
    27 | D        | Reached skill level 27 in Stealth
    27 | D        | Reached XP level 23. HP: 219/219 MP: 20/49
    29 | D        | Noticed a large bag of meat
    29 | D        | Reached skill level 27 in Throwing
    29 | D        | Reached skill level 27 in Unarmed Combat
    29 | D        | Reached skill level 27 in Spellcasting
    29 | D        | Reached XP level 24. HP: 227/227 MP: 20/54
    30 | D        | Killed a large bag of meat
    31 | D        | Reached XP level 25. HP: 234/234 MP: 21/54
    32 | D        | Noticed a destroyer
    32 | D        | Noticed a destroyer
    32 | D        | Noticed a destroyer
    33 | D        | Noticed a large bag of meat
    34 | D        | Reached XP level 26. HP: 242/242 MP: 21/54
    35 | D        | Killed a destroyer
    36 | D        | Noticed a destroyer
    36 | D        | Reached XP level 27. HP: 249/249 MP: 22/54
    36 | D        | Killed a destroyer
    36 | D        | Killed a large bag of meat
    41 | D        | Killed a destroyer
    42 | D        | Noticed a large bag of meat
    42 | D        | Killed a large bag of meat
    45 | D        | Noticed a large bag of meat
    46 | D        | Killed a destroyer
    47 | D        | Noticed a tyrant
    51 | D        | Killed a tyrant
    51 | D        | Killed a destroyer
    57 | D        | Killed a large bag of meat
    59 | D        | Killed a large bag of meat
    61 | D        | Noticed The Captor
    64 | D        | Noticed a tyrant
    64 | D        | HP: 6/249 [The Captor/+9 triple sword of slicing (44)]
    65 | D        | Killed The Captor
    66 | D        | Noticed a tyrant
    68 | D        | Noticed a tyrant
    68 | D        | Noticed a dread
    68 | D        | Noticed a large bag of meat
    68 | D        | Noticed a large bag of meat
    68 | D        | Noticed a tyrant
    69 | D        | Noticed a large bag of meat
    70 | D        | Noticed an accursed
    70 | D        | Noticed an accursed
    70 | D        | Killed a tyrant
    71 | D        | Noticed a meat beast
    71 | D        | Noticed a meat beast
    71 | D        | Killed a tyrant
    72 | D        | Noticed an accursed
    73 | D        | Noticed a dread
    73 | D        | Noticed a meat beast
    73 | D        | Noticed an accursed
    74 | D        | Noticed a tyrant
    74 | D        | Noticed a tyrant
    74 | D        | Killed a meat beast
    75 | D        | Noticed a meat beast
    75 | D        | Killed a large bag of meat
    75 | D        | Killed a meat beast
    76 | D        | Killed a tyrant
    77 | D        | Noticed an accursed
    77 | D        | Noticed a dread
    77 | D        | Killed a dread
    77 | D        | Killed a large bag of meat
    78 | D        | Killed a meat beast
    79 | D        | Noticed a dread
    79 | D        | Noticed a large bag of meat
    79 | D        | Killed an accursed
    80 | D        | Noticed a large bag of meat
    80 | D        | Killed a tyrant
    80 | D        | Killed a large bag of meat
    81 | D        | Noticed a dread
    81 | D        | Noticed a dread
    81 | D        | Noticed a dread
    81 | D        | Noticed a large bag of meat
    81 | D        | Slain by a meat berserker

Skill      XL: |  1  2  3  4  5  6  7  8  9 10 11 12 13 14 15 16 17 18 19 20 21 22 23 |
---------------+----------------------------------------------------------------------+-----
Axes           | 27 | 27.0
Fighting       | 16 21 25 27 | 27.0
Armour         | 18 27 | 27.0
Shields        | 14 25 27 | 27.0
Dodging        | 26 27 | 27.0
Invocations    | 20 27 | 27.0
Throwing       | 11 18 22 27 | 27.0
Stealth        | 14 23 27 | 27.0
Unarmed Combat | 11 18 22 27 | 27.0
Spellcasting   | 11 18 22 27 | 27.0

Action                   |  1- 3 |  4- 6 |  7- 9 | 10-12 | 13-15 | 16-18 | 19-21 | 22-24 | 25-27 || total
-------------------------+-------+-------+-------+-------+-------+-------+-------+-------+-------++-------
Melee: Executioner's axe |     1 |       |       |       |     3 |     4 |     4 |     3 |    31 ||    46
Armor: Scale mail        |       |       |       |       |     1 |       |       |       |     2 ||     3
Dodge: Dodged            |       |       |       |       |       |       |     1 |     1 |     2 ||     4
Block: Shield            |       |       |       |       |       |       |     1 |       |    14 ||    15
